 Seeded DCSS version 0.30-a0-989-g0d87f670db (webtiles) character file.

Game seed: 3425090202442293766 (custom seed)

24266 porpoise the Peltast (level 13, -3/88 HPs)
             Began as a Gargoyle Chaos Knight on Apr 2, 2023.
             Was a Plaything of Xom.
             Slain by a fire elemental (12 damage)
             ... summoned by a deep elf pyromancer
             ... on level 1 of the Orcish Mines on Apr 3, 2023.
             The game lasted 01:27:33 (15922 turns).

porpoise the Peltast (Gargoyle Chaos Knight)       Turns: 15922, Time: 01:27:34

Health: -3/88      AC: 27    Str: 17    XL:     13   Next: 12%
Magic:  13/13      EV: 13    Int: 13    God:    Xom [.....*]
Gold:   2490       SH:  9    Dex: 13    Spells: 8/12 levels left

rFire   . . .      SeeInvis +    a - +1 demon whip (venom)
rCold   + . .      Faith    .    g - +1 buckler of the Sun {rC+}
rNeg    + . .      Spirit   .    J - +1 swamp dragon scales
rPois   ∞          Reflect  .    f - +1 hat
rElec   +          Rampage  .    h - +2 cloak {rCorr}
rCorr   +          Clarity  +    v - +0 pair of gloves
Will    .....                    Y - +1 pair of boots
Stlth   ++                       z - amulet of regeneration
HPRegen 1.14/turn                d - ring of see invisible
MPRegen 0.13/turn                (no ring)

@: cleaving, studying Long Blades
A: sickness immunity, AC +9, negative energy resistance 1, electricity
resistance, torment resistance 1, petrification resistance, beak, claws 1,
hooves 2, camouflage 1, clarity, mutation resistance 1, passive freeze, robust
1, wild magic 1, MP-powered wands
a: Renounce Religion


You were on level 1 of the Orcish Mines.
You worshipped Xom.
You were Xom's teddy bear.
You visited 3 branches of the dungeon, and saw 13 of its levels.

You collected 2950 gold pieces.
You spent 460 gold pieces at shops.

Inventory:

Hand Weapons
 a - a +1 demon whip of venom (weapon)
 b - a +0 sling
Missiles
 e - 6 boomerangs
 T - 4 curare-tipped darts (quivered)
Armour
 f - a +1 hat (worn)
 g - the +1 buckler of the Sun (worn) {rC+}
   (You acquired it on level 1 of the Dungeon)

   rC:        It protects you from cold.
 h - a +2 cloak of preservation (worn)
 v - a +0 pair of gloves (worn)
 J - +1 swamp dragon scales (worn)
 Y - a +1 pair of boots (worn)
Jewellery
 c - a ring of ice
 d - a ring of see invisible (left hand)
 z - an amulet of regeneration (around neck)
 S - a ring of ice
Wands
 j - a wand of iceblast (2)
 o - a wand of light (3)
 H - a wand of flame (9)
 I - a wand of charming (5)
 V - a wand of polymorph (3)
Scrolls
 p - 4 scrolls of magic mapping
 q - a scroll of brand weapon {unknown}
 w - 5 scrolls of teleportation
 A - 2 scrolls of fog
 E - 2 scrolls of silence
 K - 3 scrolls of vulnerability
 M - a scroll of amnesia {unknown}
 N - a scroll of enchant weapon {unknown}
 W - a scroll of poison {unknown}
Potions
 i - 2 potions of attraction
 m - 2 potions of resistance
 r - 4 potions of curing
 C - a potion of haste
 F - a potion of heal wounds
 Q - 2 potions of lignification


   Skills:
 + Level 9.3 Fighting
 - Level 14.0 Maces & Flails
 - Level 7.0 Armour
 + Level 6.8 Dodging
 - Level 15.0 Shields
 - Level 5.0 Evocations


You had 8 spell levels left.
You knew the following spells:

 Your Spells              Type           Power      Damage    Failure   Level
k - Blink                 Tloc           0%         N/A       73%         2
w - Wereblood             Tmut           0%         N/A       73%         2

Your spell library contained the following spells:

 Spells                   Type           Power      Damage    Failure   Level
 Foxfire                  Conj/Fire      0%         2x1d2     61%         1
 Poisonous Vapours        Pois/Air       0%         N/A       73%         2
 Mephitic Cloud           Conj/Pois/Air  0%         N/A       91%         3
 Animate Dead             Necr           0%         N/A       100%        4
 Manifold Assault         Tloc           0%         N/A       100%        4
 Fireball                 Conj/Fire      0%         3d3       100%        5
 Starburst                Conj/Fire      0%         6d3       100%        6
 Haunt                    Necr/Summ      0%         N/A       100%        7
 Storm Form               Tmut/Air       0%         N/A       100%        7
 Summon Hydra             Summ           0%         N/A       100%        7
 Infestation              Necr           0%         N/A       100%        8
 Cigotuvi's Dreadful Rot  Necr/Pois/Air  Unusable   N/A       N/A         2
 Sublimation of Blood     Necr           Unusable   N/A       N/A         2

Dungeon Overview and Level Annotations

Branches:
Dungeon (10/15)            Temple (0/1) D:5            Lair (2/5) D:10
    Orc (1/2) D:10
  Swamp: Lair:2-3    Shoals: Lair:2-3     Snake: Lair:2-3    Spider: Lair:2-3

Altars:
Elyvilon
Gozag
Nemelex Xobeh
Okawaru
Qazlal
Trog
Uskayaw
Wu Jian
Xom
Yredelemnul
Zin
The Shining One

Shops:
D:2 ?(   D:6 *=

Annotations:
D:2 exclusion: downstairs
D:7 exclusion: upstairs
D:9 2 transporters, jimonade's ghost, novice HOMo
Orc:1 Fannar


Innate Abilities, Weirdness & Mutations

You are immune to sickness and miasma.
Your stone body is resilient. (AC +9)
You are immune to poison.
You resist negative energy. (rN+)
You are resistant to electric shocks. (rElec)
You are resistant to unholy torment.
You are immune to petrification.
You have a beak for a mouth.
You have sharp fingernails.
You have hoof-like feet.
Your skin changes colour to match your surroundings (Stealth+).
You possess an exceptional clarity of mind.
You are somewhat resistant to further mutation.
A frigid envelope surrounds you and freezes all who hurt you.
You are robust. (+10% HP)
Your spells are a little harder to cast, but a little more powerful.
You expend magic power (3 MP) to strengthen your wands.


Message History

The orc wizard flickers and vanishes for a moment.
The orc sorcerer hits you but does no damage.
The orc sorcerer resists.
The orc sorcerer is very cold.
The orc sorcerer is almost dead.
You block the orc wizard's attack.
The deep elf pyromancer casts a spell at you.
You block the sticky flame. The red devil closely misses you.
You hit the fire elemental.
You destroy the fire elemental!
The fire elemental disappears in a puff of smoke!
You hit the deep elf pyromancer.
The deep elf pyromancer looks as sick as possible!
You hit the fire elemental but do no damage.
You barely miss the orc sorcerer. You closely miss the orc wizard.
You block the fire elemental's attack.
The deep elf pyromancer casts a spell at you.
The sticky flame hits you but does no damage.
You are covered in liquid flames!
The orc wizard barely misses you.
The orc sorcerer hits you with a +0 dagger.
* * * LOW HITPOINT WARNING * * *
Fannar attacks as you move away! Fannar hits you but does no damage.
Fannar resists.
Fannar is very cold.
Fannar is lightly wounded.
The orc wizard attacks as you move away!
The orc wizard hits you but does no damage.
You are covered in liquid flames!
* * * LOW HITPOINT WARNING * * *
You kill the orc sorcerer!
The red devil disappears in a puff of smoke!
The ice devil disappears in a puff of smoke!
The deep elf pyromancer points at you and mumbles some strange words.
The sticky flame misses you.
There is a staircase back to the Dungeon, spattered with blood here.
Items here: $ )))) [[[ ÷.
You are covered in liquid flames!
* * * LOW HITPOINT WARNING * * *
The fire elemental hits you. The fire elemental burns you!
You die...
Xom snickers!

..................☼.°..
..................○.....
.................E......
#....................._.
#.....##....)....#.._..
##...........)[☼.......
#.......[......☼...#o..
#...[§Y#......#.....
###§§@##o...........
##eEe°.o..>.......
#..o☼)............
##..[.............
#...............
##....#.........
#..............
##.............
####..........


You could see Fannar, a deep elf pyromancer (extremely poisoned), a fire
elemental (summoned), an ice beast (summoned), an orc wizard and an orc.

Vanquished Creatures
  An orc warlord (D:10)
  Erolcha (D:10)
  3 death yaks (Lair:1)
  Amaemon (Lair:1)
  Pikel (D:9)
  3 deep elf pyromancers
  3 deep elf zephyrmancers (D:10)
  2 orc knights (D:10)
  An ugly thing (D:8)
  2 orc sorcerers
  A cyclops (D:10)
  A black mamba (Lair:1)
  An orange demon (Lair:1)
  Psyche (D:9)
  4 komodo dragons
  4 trolls (D:10)
  A polar bear (Lair:1)
  Grinder (D:3)
  Sigmund (D:3)
  A wyvern (D:10)
  20 yaks
  3 humans (D:7)
  2 vampire mosquitoes (D:9)
  A steam dragon (D:8)
  A basilisk (Lair:1)
  4 wargs
  An acid dragon (D:10)
  2 water moccasins (Lair:1)
  2 ice beasts
  A sky beast (D:7)
  14 orc warriors
  2 black bears (D:5)
  6 wolves (Lair:1)
  5 ogres
  4 centaurs
  A lemure (D:9)
  2 kobold brigands
  A gnoll sergeant (D:6)
  3 scorpions
  7 bullfrogs
  3 howler monkeys (D:7)
  A crimson imp (D:4)
  8 hounds
  A jelly (D:6)
  7 orc priests
  Terence (D:3)
  An iguana (D:6)
  2 sleepcaps (D:6)
  8 orc wizards
  6 adders
  6 gnolls
  A shadow imp (D:5)
  A worm (D:2)
  14 dart slugs
  52 orcs
  7 ball pythons
  5 bats
  5 endoplasms
  3 giant cockroaches
  11 goblins
  7 hobgoblins
  A jackal (D:7)
  11 kobolds
  A quokka (D:2)
  4 frilled lizards
  A goblin skeleton (D:4)
  A goblin zombie (D:4)
  A hobgoblin zombie (D:4)
  A kobold skeleton (D:4)
  2 kobold zombies (D:4)
  An orc skeleton (D:4)
  13 rats
303 creatures vanquished.

Vanquished Creatures (collateral kills)
  The ghost of Orangeyouglad the Grave Robber, a novice HuNe of Qazlal (D:6)
  A cane toad (D:7)
  3 yaks
  3 humans (D:7)
  A warg (D:10)
  2 vampire mosquitoes (D:9)
  4 orc warriors
  A bullfrog (D:6)
  3 hounds
  4 orc priests
  An iguana (D:6)
  An orc wizard (D:10)
  5 orcs
30 creatures vanquished.

Vanquished Creatures (others)
  An orc wizard (Orc:1)
  A gnoll (Orc:1)
  A dart slug (D:2)
  3 orcs
  A ball python (D:2)
  2 bats (D:2)
  2 fungi (Lair:1)
  2 plants
13 creatures vanquished.

Grand Total: 346 creatures vanquished

Notes
Turn   | Place    | Note
-------+----------+-------------------------------------------
     0 | D:1      | porpoise the Gargoyle Chaos Knight began the quest for the
                  | Orb.
     0 | D:1      | Reached XP level 1. HP: 14/14 MP: 1/1
     7 | D:1      | Identified a scroll of acquirement
     7 | D:1      | Acquired a manual of Shields
    92 | D:1      | Acquired the +1 buckler of the Sun {rC+}
   133 | D:1      | Reached XP level 2. HP: 16/19 MP: 2/2
   192 | D:1      | Reached skill level 1 in Shields
   390 | D:1      | XOM: silly message
   546 | D:1      | Found a faded altar of an unknown god.
   620 | D:1      | Reached XP level 3. HP: 24/24 MP: 3/3
   629 | D:1      | XOM: divination: magic mapping
   676 | D:2      | XOM: scenery: 1 doors close
   880 | D:2      | Found Nareh's Weapon Boutique.
   911 | D:2      | Reached skill level 2 in Shields
  1039 | D:2      | XOM: cast spell 'Metabolic Englaciation'
  1079 | D:2      | Reached XP level 4. HP: 27/29 MP: 4/4
  1466 | D:2      | XOM: divination: magic mapping
  1597 | D:2      | XOM: god gift: 3 javelins
  1756 | D:2      | Found Lipoy's Magic Scroll Boutique.
  1765 | D:2      | Bought a scroll of blinking for 82 gold pieces
  1765 | D:2      | Bought a scroll of teleportation for 33 gold pieces
  1833 | D:3      | Noticed Sigmund
  1833 | D:3      | Noticed Terence
  1833 | D:3      | XOM: 9-stop teleportation journey
  1859 | D:3      | Killed Terence
  1890 | D:3      | Reached skill level 3 in Shields
  1953 | D:3      | Reached XP level 5. HP: 33/33 MP: 5/5
  1958 | D:3      | XOM: enchant monster (good)
  1960 | D:3      | Killed Sigmund
  1961 | D:3      | Reached skill level 5 in Maces & Flails
  1961 | D:3      | Reached skill level 4 in Shields
  1961 | D:3      | Reached XP level 6. HP: 40/40 MP: 6/6
  2051 | D:3      | XOM: 6-stop teleportation journey
  2093 | D:3      | XOM: noise
  2322 | D:3      | Reached skill level 1 in Dodging
  2834 | D:4      | Noticed Grinder
  2838 | D:4      | Paralysed by Grinder for 2 turns
  2866 | D:3      | XOM: blink monster(s)
  2869 | D:3      | XOM: summons friendly crimson imp
  2869 | D:3      | HP: 2/40 [Grinder (6)]
  2873 | D:3      | Paralysed by Grinder for 2 turns
  2878 | D:3      | XOM: confuse monster(s)
  2891 | D:3      | Killed Grinder
  2892 | D:3      | Reached skill level 5 in Fighting
  2892 | D:3      | Reached XP level 7. HP: 42/44 MP: 7/7
  3353 | D:4      | XOM: blink monster(s)
  3393 | D:4      | Found a glowing golden altar of the Shining One.
  3486 | D:4      | Acquired 1008 gold pieces
  3488 | D:4      | Acquired 904 gold pieces
  3566 | D:4      | XOM: noise
  3695 | D:4      | XOM: god gift: 16 gold pieces
  3916 | D:4      | Found a white marble altar of Elyvilon.
  3916 | D:4      | Found a basalt altar of Yredelemnul.
  3917 | D:4      | Found an ornate altar of the Wu Jian Council.
  4035 | D:4      | XOM: cloud trail
  4144 | D:5      | Entered Level 5 of the Dungeon
  4275 | D:4      | XOM: god gift: swamp dragon scales {god gift}
  4563 | D:2      | Bought a scroll of vulnerability for 44 gold pieces
  4563 | D:2      | Bought 2 scrolls of identify for 44 gold pieces
  4563 | D:2      | Bought a scroll of immolation for 44 gold pieces
  4565 | D:2      | Bought a scroll of identify for 22 gold pieces
  4565 | D:2      | Bought a scroll of identify for 22 gold pieces
  4642 | D:4      | XOM: silly message
  4682 | D:5      | Found a staircase to the Ecumenical Temple.
  4689 | D:5      | XOM: cast spell 'Dispersal'
  4973 | D:5      | XOM: summons 4 hostile demons
  5044 | D:5      | Identified the +2 robe of a Hundred Friends {rElec Str+4
                  | Int-5 Slay+3}
  5175 | D:5      | Reached XP level 8. HP: 21/51 MP: 8/8
  5267 | D:5      | XOM: give mutations
  5267 | D:5      | Gained mutation: You are somewhat resistant to further
                  | mutation. [Xom's mischief]
  5267 | D:5      | Gained mutation: Your skin changes colour to match your
                  | surroundings (Stealth+). [Xom's mischief]
  5267 | D:5      | Gained mutation: You are partially covered in iridescent
                  | scales. (AC +2) [Xom's mischief]
  5267 | D:5      | Gained mutation: Your flesh is heat resistant. (rF+) [Xom's
                  | mischief]
  5285 | D:5      | Found an iron altar of Okawaru.
  5332 | D:5      | Learned a level 2 spell: Wereblood
  5412 | D:5      | XOM: smoke on damage
  5526 | D:5      | XOM: fog
  5701 | D:5      | XOM: cloud trail
  5840 | D:6      | XOM: fake destruction
  5940 | D:6      | Found a bloodstained altar of Trog.
  5956 | D:6      | XOM: god gift: 43 gold pieces
  6034 | D:6      | XOM: 4-stop teleportation journey
  6072 | D:6      | XOM: 1-stop teleportation journey
  6255 | D:6      | XOM: cloud trail
  6436 | D:6      | Found Kausagei's Jewellery Shop.
  6474 | D:6      | XOM: cast spell 'Summon Horrible Things'
  6527 | D:6      | XOM: summons friendly shadow imp
  6530 | D:6      | Reached XP level 9. HP: 41/56 MP: 9/9
  6544 | D:6      | Reached skill level 5 in Dodging
  6580 | D:6      | XOM: divination: magic mapping
  6654 | D:6      | Found a runed translucent gate.
  6654 | D:6      | Found a runed translucent gate.
  6654 | D:6      | Found a runed translucent gate.
  6654 | D:6      | Noticed Orangeyouglad's ghost (novice HuNe)
  6687 | D:6      | Found a glowing silver altar of Zin.
  6897 | D:6      | Found Xyeg's General Store.
  6901 | D:6      | Bought 2 scrolls of teleportation for 78 gold pieces
  6901 | D:6      | Bought a scroll of teleportation for 39 gold pieces
  6995 | D:6      | Bought a scroll of fear for 52 gold pieces
  7205 | D:7      | XOM: god gift: silver wand {god gift}
  7499 | D:7      | Reached skill level 5 in Shields
  7590 | D:7      | XOM is BORED!
  7590 | D:7      | XOM: summons 2 hostile demons
  7718 | D:7      | XOM: cast spell 'Summon Horrible Things'
  7735 | D:7      | Reached skill level 6 in Shields
  7737 | D:7      | XOM: cloud trail
  7741 | D:7      | XOM: divination: magic mapping
  7743 | D:7      | XOM: potion effect (brilliance)
  7781 | D:7      | a yak changed into a cane toad
  7781 | D:7      | Noticed a cane toad
  7781 | D:7      | XOM: polymorph yak -> cane toad
  7784 | D:7      | Reached XP level 10. HP: 61/63 MP: 10/10
  7784 | D:7      | XOM: summons 3 friendly demons
  7791 | D:7      | Killed a cane toad
  7792 | D:7      | Reached skill level 10 in Maces & Flails
  7792 | D:7      | Reached skill level 7 in Shields
  7967 | D:6      | Noticed a rust devil
  7967 | D:6      | Noticed a rust devil
  7984 | D:6      | XOM: chaos upgrade
  8022 | D:7      | XOM: enchant monster (bad)
  8031 | D:7      | XOM: swap monsters
  8287 | D:7      | XOM: fog
  8297 | D:7      | Reached skill level 5 in Armour
  8303 | D:7      | XOM: give mutations
  8303 | D:7      | Gained mutation: You have sharp toenails. [Xom's mischief]
  8303 | D:7      | Lost mutation: You are partially covered in iridescent
                  | scales. (AC +2) [Xom's mischief]
  8303 | D:7      | Gained mutation: You occasionally lose the ability to drink
                  | potions when taking damage. [Xom's mischief]
  8303 | D:7      | Lost mutation: Your flesh is heat resistant. (rF+) [Xom's
                  | mischief]
  8305 | D:7      | XOM: 2-stop teleportation journey
  8483 | D:7      | XOM: polymorph yak -> komodo dragon
  8501 | D:7      | Reached skill level 8 in Shields
  8732 | D:8      | Found a hide-covered altar of Uskayaw.
  8779 | D:8      | Learned a level 2 spell: Blink
  8792 | D:8      | XOM: stat loss: -1 Str (15/16)
  8794 | D:8      | XOM: summons 6 hostile demons
  8795 | D:8      | Noticed a soul eater
  8874 | D:8      | Noticed a purple ugly thing
  8887 | D:8      | XOM: confusion
  8896 | D:8      | XOM: stat loss: -1 Int (12/13)
  8899 | D:8      | XOM: enchant monster (bad)
  8906 | D:8      | Killed a purple ugly thing
  9237 | D:8      | XOM: swap monsters
  9239 | D:8      | XOM: blink monster(s)
  9250 | D:8      | XOM: enchant monster (bad)
  9273 | D:8      | HP: 1/63 [steam dragon] (13)]
  9281 | D:8      | Reached skill level 9 in Shields
  9419 | D:7      | XOM: draining
  9442 | D:7      | XOM: noise
  9452 | D:8      | XOM: swap monsters
  9645 | D:8      | XOM: give mutations
  9645 | D:8      | Gained mutation: Your muscles are strong. (Str +4, Int/Dex
                  | -1) [Xom's mischief]
  9645 | D:8      | Gained mutation: You are vulnerable to cold. (rC-) [Xom's
                  | mischief]
  9645 | D:8      | Lost mutation: You are vulnerable to cold. (rC-) [Xom's
                  | mischief]
  9645 | D:8      | Gained mutation: Your flesh is cold resistant. (rC+) [Xom's
                  | mischief]
  9645 | D:8      | Lost mutation: You have sharp toenails. [Xom's mischief]
  9645 | D:8      | Gained mutation: You have large cloven feet. [Xom's
                  | mischief]
  9676 | D:8      | XOM: draining
  9678 | D:8      | XOM: give mutations
  9678 | D:8      | Lost mutation: Your flesh is cold resistant. (rC+) [Xom's
                  | mischief]
  9678 | D:8      | Gained mutation: You are robust. (+10% HP) [Xom's mischief]
  9678 | D:8      | Lost mutation: Your muscles are strong. (Str +4, Int/Dex
                  | -1) [Xom's mischief]
  9678 | D:8      | Gained mutation: Your large and strong wings let you fly.
                  | [Xom's mischief]
  9729 | D:8      | XOM: summons 7 friendly demons
 10009 | D:9      | Found a stormy altar of Qazlal.
 10227 | D:9      | Noticed Psyche
 10235 | D:9      | Killed Psyche
 10274 | D:9      | XOM: stat loss: -1 Int (12/13)
 10406 | D:9      | XOM: confusion
 10408 | D:9      | Noticed Pikel
 10411 | D:9      | XOM: torment (54/69 hp)
 10424 | D:9      | XOM: chaos cloud
 10425 | D:9      | XOM: divination: detect creatures
 10434 | D:9      | Killed Pikel
 10435 | D:9      | Reached skill level 10 in Shields
 10435 | D:9      | Reached XP level 11. HP: 55/73 MP: 11/11
 10509 | D:9      | XOM: scenery: summon butterflies
 10561 | D:9      | XOM: summons 5 friendly demons
 10851 | D:9      | Noticed a moth of wrath
 10861 | D:9      | Found a transporter.
 10868 | D:9      | Noticed jimonade's ghost (novice HOMo)
 10881 | D:9      | Found a transporter.
 11029 | D:9      | Lost mutation: You occasionally lose the ability to drink
                  | potions when taking damage. [potion of mutation]
 11029 | D:9      | Lost mutation: Your large and strong wings let you fly.
                  | [potion of mutation]
 11029 | D:9      | Gained mutation: You have a beak for a mouth. [potion of
                  | mutation]
 11213 | D:10     | Entered Level 10 of the Dungeon
 11220 | D:10     | XOM: cleaving
 11224 | D:10     | XOM: cleaving
 11247 | D:10     | XOM: cast spell 'Summon Small Mammal'
 11264 | D:10     | XOM: confusion (+ monsters)
 11266 | D:10     | XOM: cleaving
 11275 | D:10     | XOM: fog
 11288 | D:10     | XOM: summons 2 friendly demons
 11290 | D:10     | XOM: scenery: summon butterflies
 11301 | D:10     | XOM: destruction
 11324 | D:9      | XOM: fog
 11527 | D:10     | XOM: fog
 11583 | D:10     | XOM: polymorph orc warrior -> bullfrog
 11607 | D:10     | XOM: cast spell 'Olgreb's Toxic Radiance'
 11611 | D:10     | XOM: potion effect (might)
 11615 | D:10     | Reached skill level 11 in Shields
 11796 | D:10     | XOM: fog
 11995 | D:10     | Found a staircase to the Orcish Mines.
 12012 | D:10     | Found a staircase to the Lair.
 12042 | D:10     | XOM: give mutations
 12042 | D:10     | Gained mutation: You have sharp fingernails. [Xom's grace]
 12042 | D:10     | Gained mutation: Your spells are a little harder to cast,
                  | but a little more powerful. [Xom's grace]
 12042 | D:10     | Gained mutation: You have hoof-like feet. [Xom's grace]
 12042 | D:10     | Gained mutation: A frigid envelope surrounds you and
                  | freezes all who hurt you. [Xom's grace]
 12260 | D:10     | XOM: destruction
 12327 | D:10     | XOM: scenery: create altars
 12537 | D:10     | Found an opulent altar of Gozag.
 12538 | D:10     | Found a sparkling altar of Nemelex Xobeh.
 12738 | Lair:1   | Entered Level 1 of the Lair of Beasts
 12789 | Lair:1   | XOM: enchant monster (good)
 12795 | Lair:1   | Reached skill level 1 in Evocations
 12804 | Lair:1   | XOM: destruction
 12823 | Lair:1   | Noticed a death yak
 12834 | Lair:1   | Noticed a death yak
 12835 | Lair:1   | Noticed a death yak
 12850 | Lair:1   | Killed a death yak
 12852 | Lair:1   | XOM: scenery: create altars
 12871 | Lair:1   | XOM: cast spell 'Disjunction'
 12887 | Lair:1   | Killed a death yak
 12888 | Lair:1   | Reached skill level 12 in Shields
 12888 | Lair:1   | Killed a death yak
 12981 | Lair:1   | You fall into a shaft and drop 1 floor!
 12998 | Lair:2   | XOM: scenery: 1 doors open
 13003 | Lair:2   | a yak changed into a glowing shapeshifter
 13003 | Lair:2   | Noticed a glowing shapeshifter (glowing shapeshifter)
 13003 | Lair:2   | XOM: polymorph yak -> glowing shapeshifter
 13003 | Lair:2   | a glowing shapeshifter changed into an anaconda
 13003 | Lair:2   | Noticed an anaconda (glowing shapeshifter)
 13005 | Lair:2   | an anaconda changed into an ettin
 13005 | Lair:2   | Noticed an ettin (glowing shapeshifter)
 13007 | Lair:2   | XOM: fog
 13008 | Lair:2   | XOM: scenery: summon butterflies
 13008 | Lair:2   | an ettin changed into a satyr
 13008 | Lair:2   | Noticed a satyr (glowing shapeshifter)
 13140 | Lair:1   | XOM: polymorph komodo dragon -> polar bear
 13149 | Lair:1   | Reached XP level 12. HP: 43/79 MP: 12/12
 13275 | Lair:1   | XOM: destruction
 13275 | Lair:1   | Noticed Amaemon
 13281 | Lair:1   | XOM: enchant monster (good)
 13293 | Lair:1   | XOM: confuse monster(s)
 13344 | Lair:1   | Killed Amaemon
 13541 | Lair:1   | XOM: 1-stop teleportation journey
 13727 | Lair:1   | XOM: summons 7 hostile demons
 13728 | Lair:1   | Noticed a sun demon
 13768 | Lair:1   | Reached skill level 13 in Shields
 13780 | Lair:1   | XOM: potion effect (haste)
 13944 | Lair:1   | XOM: give mutations
 13944 | Lair:1   | Gained mutation: You expend magic power (3 MP) to
                  | strengthen your wands. [Xom's grace]
 13944 | Lair:1   | Gained mutation: You are strong-willed. (Will+) [Xom's
                  | grace]
 13947 | Lair:1   | XOM: draining
 13979 | Lair:1   | XOM: god gift: potion of attraction
 13996 | Lair:1   | XOM: 1-stop teleportation journey
 14091 | Lair:1   | XOM: give mutation
 14091 | Lair:1   | Gained mutation: Your spells are harder to cast, but more
                  | powerful. [Xom's grace]
 14156 | Lair:1   | XOM: give mutations
 14156 | Lair:1   | Gained mutation: You possess an exceptional clarity of
                  | mind. [Xom's mischief]
 14156 | Lair:1   | Lost mutation: Your spells are harder to cast, but more
                  | powerful. [Xom's mischief]
 14156 | Lair:1   | Lost mutation: You are strong-willed. (Will+) [Xom's
                  | mischief]
 14183 | Lair:1   | XOM: silly message
 14415 | D:10     | XOM: silly message
 14540 | D:6      | XOM: cast spell 'Alistair's Intoxication'
 14546 | D:6      | XOM: potion effect (invisibility)
 14562 | D:6      | Killed Orangeyouglad's ghost
 14636 | D:7      | XOM: silly message
 14677 | D:8      | XOM: silly message
 14755 | Orc:1    | Entered Level 1 of the Orcish Mines
 14755 | Orc:1    | Noticed an orc warlord
 14756 | Orc:1    | XOM: cast spell 'Call Canine Familiar'
 14760 | Orc:1    | XOM: smoke on damage
 14845 | Orc:1    | XOM: cast spell 'Summon Small Mammal'
 14867 | D:10     | XOM: potion effect (haste)
 14869 | D:10     | Killed an orc warlord
 14870 | D:10     | Reached skill level 14 in Shields
 14910 | D:10     | Reached skill level 5 in Evocations
 14985 | Orc:1    | Noticed Erolcha
 14989 | D:10     | XOM: silly message
 15103 | Orc:1    | XOM: summons friendly crimson imp
 15110 | Orc:1    | XOM: blink monster(s)
 15126 | D:10     | XOM: scenery: create altars
 15134 | D:10     | Killed Erolcha
 15317 | Orc:1    | XOM: summons 7 hostile demons
 15455 | D:10     | XOM: summons 8 friendly demons
 15459 | D:10     | Reached skill level 15 in Shields
 15517 | D:10     | XOM: fog
 15651 | Orc:1    | Noticed Fannar
 15661 | Orc:1    | XOM: confuse monster(s)
 15676 | Orc:1    | XOM: cleaving
 15683 | Orc:1    | XOM: scenery: create altars
 15702 | D:10     | Reached XP level 13. HP: 69/86 MP: 13/13
 15754 | Orc:1    | XOM: scenery: summon butterflies
 15879 | D:10     | XOM: cleaving
 15888 | D:10     | XOM: cast spell 'Disjunction'
 15914 | Orc:1    | a soul eater changed into a rakshasa
 15914 | Orc:1    | Noticed a rakshasa
 15914 | Orc:1    | XOM: polymorph soul eater -> rakshasa
 15922 | Orc:1    | Slain by a fire elemental

Illustrated notes

Levels and vault maps discovered:
D:1:      minmay_arrival_loop, layout_basic, ebering_ecumenical_altar_webs,
          moated_statue, minmay_tetromino_s2
D:2:      minmay_angry_zag, layout_basic, serial_shops,
          nicolae_shop_behind_doors, nicolae_shop_bloodbath_and_beyond,
          minmay_cut_off
D:3:      kennysheep_slugbush, layout_basic, uniq_sigmund, uniq_terence
D:4:      layout_layer_cave, gammafunk_temple_overflow_claw,
          nicolae_tso_besieged_by_evil, minivault_24, uniq_grinder
D:5:      layout_loops_ring, mainiacjoe_overflow_small_starburst,
          minmay_temple_entry_grid, minmay_misc_feat_square
D:6:      cheibrodos_iron_armory, layout_basic, bloody_trog, marbit_many_paths,
          serial_shops, shop, shop, biasface_ghost_orc_armoury,
          minmay_manual_mares
D:7:      erik_cavepeople, layout_basic
D:8:      layout_gridville, nicolae_uskayaw_dance_hall
D:9:      layout_loops_corners, grunt_qazlal_clouds,
          gammafunk_ghost_berserking_beasts, uniq_psyche, uniq_pikel
D:10:     layout_loops_ring, grunt_temple_overflow_opulence,
          erik_lair_orcish_takeover, orc_0_dummy, enter_bailey_5
Lair:1:   layout_cave_pods, nicolae_quartered_pool_little, grunt_megastairs_3,
          uniq_amaemon, uniq_urug
Lair:2:   layout_roguey, infiniplex_staircase_pool_2
Orc:1:    layout_caves, elves_outpost_lemuel, uniq_fannar, uniq_erolcha

Skill      XL: |  1  2  3  4  5  6  7  8  9 10 11 12 13 |
---------------+----------------------------------------+-----
Shields        | 1 2 3 4 6 10 12 15 | 15.0
Fighting       | 4 5 6 7 8 9 |  9.3
Maces & Flails | 4 5 6 8 9 11 13 14 | 14.0
Dodging        | 2 3 4 5 6 |  6.8
Armour         | 4 6 7 |  7.0
Evocations     | 3 5 |  5.0

Action                     |  1- 3 |  4- 6 |  7- 9 | 10-12 | 13-15 || total
---------------------------+-------+-------+-------+-------+-------++-------
  Melee: Mace              |    72 |       |       |       |       ||    72
         Flail             |    45 |   127 |   386 |   646 |       ||  1204
         Peck              |       |       |       |   145 |     9 ||   154
         Demon whip        |       |       |       |   327 |    38 ||   365
         Unarmed           |       |       |       |     1 |       ||     1
   Fire: Sling             |       |     4 |       |     2 |       ||     6
  Throw: Dart              |       |       |       |    18 |       ||    18
  Evoke: Piece from Xom's  |       |    11 |     5 |     9 |       ||    25
         Wand              |       |       |     1 |     7 |       ||     8
    Use: Scroll            |     4 |     3 |    11 |    16 |       ||    34
         Potion            |     1 |     2 |       |    11 |       ||    14
   Stab: Sleeping          |     1 |     1 |       |     3 |       ||     5
         Paralysed         |       |     2 |       |     3 |       ||     5
         Confused          |       |     1 |       |       |       ||     1
         Distracted        |       |       |     1 |     1 |       ||     2
         Invisible         |       |       |       |    14 |       ||    14
         Petrifying        |       |       |       |     3 |       ||     3
 Armour: Leather armour    |    49 |    17 |       |       |       ||    66
         Chain mail        |       |    59 |    55 |       |       ||   114
         Swamp dragon scal |       |       |   154 |   283 |    30 ||   467
  Dodge: Dodged            |    67 |    59 |   221 |   432 |    24 ||   803
  Block: Buckler           |    23 |    26 |   114 |   317 |    19 ||   499

Table legend: (Time is in decaauts)
 A = Elapsed time spent in this place.
 B = Non-inter-level travel time spent in this place.
 C = Inter-level travel time spent in this place.
 D = Time resting spent in this place.
 E = Time spent auto-exploring this place.
 F = Levels seen in this place.
 G = Mean time per level.
                   A        B        C        D        E       F      G
               +--------+--------+--------+--------+--------+-----+--------+
         Total |  15713 |  14702 |   1011 |   3886 |   6921 |  13 | 1208.7 |
       Dungeon |  13897 |  12936 |    961 |   3531 |   6132 |  10 | 1389.7 |
          Lair |   1592 |   1544 |     48 |    327 |    784 |   2 |  796.0 |
  Orcish Mines |    223 |    223 |      0 |     28 |      5 |   1 |  223.0 |
               +--------+--------+--------+--------+--------+-----+--------+

Top non-repeatable levels by time:
    D:10: 2167 daAuts
     D:7: 1824 daAuts
  Lair:1: 1553 daAuts
     D:6: 1512 daAuts
     D:9: 1479 daAuts
     D:4: 1477 daAuts
     D:2: 1369 daAuts
     D:5: 1163 daAuts
     D:3: 1143 daAuts
     D:8: 1110 daAuts
     D:1: 649 daAuts
   Orc:1: 223 daAuts
  Lair:2: 38 daAuts
